 Dungeon Crawl Stone Soup version 0.29.0-4-gdea44cf6ec (webtiles) character file.

Game seed: 13358987789742162857

3990 qw the Cleaver (level 10, -1/84 HPs)
             Began as a Minotaur Fighter on Sept 4, 2022.
             Was a Follower of Ru.
             Succumbed to a killer bee's poison
             ... on level 8 of the Dungeon.
             The game lasted 00:02:38 (8340 turns).

qw the Cleaver (Minotaur Fighter)                   Turns: 8340, Time: 00:02:39

Health: -1/84      AC: 18    Str: 25    XL:     10   Next: 3%
Magic:  0/9        EV:  6    Int:  5    God:    Ru [*.....]
Gold:   754        SH: 10    Dex: 10    Spells: 9/9 levels left

rFire   + . .      SeeInvis +   Y - +1 war axe
rCold   + . .      Faith    .   j - +0 kite shield
rNeg    + . .      Spirit   +   i - +1 plate armour
rPois   .          Reflect  .   (helmet restricted)
rElec   .          Harm     .   r - scarf {rC+ rF+}
rCorr   .          Rampage  .   p - +1 pair of gloves
Will    .....                   g - +2 pair of boots
Stlth   ..........              a - amulet of guardian spirit
HPRegen 0.24/turn               m - ring of see invisible
MPRegen 0.11/turn               q - ring of positive energy

@: lethally poisoned (-1 -> -14), about to teleport
A: horns 2, unskilled 1, retaliatory headbutt
a: Renounce Religion


You were on level 8 of the Dungeon.
You worshipped Ru.
Ru was aware of your devotion.
You visited 2 branches of the dungeon, and saw 9 of its levels.

You collected 754 gold pieces.


Innate Abilities, Weirdness & Mutations

You have a pair of horns on your head.
You are somewhat unskilled. (-1 Apt)
You reflexively headbutt those who attack you in melee.


   Skills:
 - Level 6.8 Fighting
 + Level 11.7 Axes
 - Level 1.1 Throwing
 - Level 5.0 Armour
 - Level 2.4 Dodging
 - Level 8.1 Shields


You had 9 spell levels left.
You didn't know any spells.
Your spell library was empty.

Inventory:

Hand Weapons
 c - a +0 flail
 Y - a +1 war axe (weapon)
Missiles
 b - 3 boomerangs (quivered)
Armour
 g - a +2 pair of boots (worn)
 i - a +1 plate armour (worn)
 j - a +0 kite shield (worn)
 p - a +1 pair of gloves (worn)
 r - a scarf of resistance (worn)
Jewellery
 a - an amulet of guardian spirit (around neck)
 m - a ring of see invisible (left hand)
 o - a ring of ice
 q - a ring of positive energy (right hand)
Scrolls
 k - a scroll of teleportation
 l - a scroll of identify
Potions
 d - 2 potions of might
 e - a potion of cancellation
 f - a potion of flight {unknown}
 n - 2 potions of curing
 s - a potion of mutation {unknown}

Dungeon Overview and Level Annotations

Branches:
Dungeon (8/15)             Temple (1/1) D:5
   Lair: D:8-11

Altars:
Ashenzari
Fedhas
Gozag
Hepliaklqana
Kikubaaqudgha
Makhleb
Okawaru
Qazlal
Ru
Sif Muna
Uskayaw
Vehumet
Wu Jian
Xom
Yredelemnul
Zin
The Shining One

Shops:
D:5 [


Message History

You feel sick. You block the killer bee's attack.
The killer bee stings you but does no damage.
The killer bee stings you.
The killer bee stings you but does no damage.
The killer bee completely misses you.
The killer bee stings you but does no damage.
You miss the killer bee.
The killer bee is severely wounded.
You hit the killer bee. x2
You feel sick. You block the killer bee's attack. The killer bee stings you.
You block the killer bee's attack. The killer bee stings you.
You are more poisoned.
The killer bee poisons you! The killer bee stings you.
The killer bee stings you but does no damage.
8338 ||| READING 2 scrolls of teleportation.
As you read the scroll of teleportation, it crumbles to dust.
You feel strangely unstable.
You feel very sick. You block the killer bee's attack.
The killer bee stings you but does no damage.
The killer bee barely misses you.
The killer bee stings you but does no damage.
The killer bee stings you. x2
You are more poisoned.
The killer bee poisons you!
You closely miss the killer bee.
The killer bee is almost dead.
You hit the killer bee but do no damage.
You miss the killer bee.
You feel very sick. The killer bee completely misses you.
The killer bee closely misses you. You block the killer bee's attack.
The killer bee is stunned by your conviction and fails to attack.
The killer bee stings you but does no damage.
The killer bee stings you.
You hit the killer bee.
You kill the killer bee!
You hit the killer bee. x2
You kill the killer bee!
You die...

###### #.....###
?.....%@##
#....(#.y# #.._.
#y.# ##.. ##..#
. #. #.[.# #..#
##..##
#...###...#
#.......##
###.ยค.'########


You could see 2 killer bees.

Vanquished Creatures
  Pikel (D:6)
  Joseph (D:7)
  A wyvern (D:7)
  A yak (D:8)
  A steam dragon (D:7)
  An acid dragon (D:8)
  A black bear (D:4)
  2 ice beasts (D:5)
  A sky beast (D:7)
  4 ogres (D:5)
  3 centaurs
  2 phantoms
  2 lemures (D:6)
  A kobold brigand (D:6)
  3 bullfrogs
  4 necrophages
  4 scorpions
  9 killer bees (D:8)
  4 howler monkeys
  6 hounds
  An orc priest (D:7)
  Jessica (D:3)
  4 iguanas
  7 adders
  3 white imps
  An ufetubus (D:5)
  2 worms (D:2)
  2 dart slugs (D:2)
  8 orcs
  5 endoplasms
  A giant cockroach (D:4)
  6 hobgoblins
  7 jackals
  11 kobolds
  4 quokkas
  6 ball pythons
  4 bats
  3 frilled lizards
  10 goblins
  7 rats
  A spectral orc (D:4)
146 creatures vanquished.

Notes
Turn   | Place    | Note
-------+----------+-------------------------------------------
     0 | D:1      | qw the Minotaur Fighter began the quest for the Orb.
     0 | D:1      | Reached XP level 1. HP: 19/19 MP: 0/0
     0 | D:1      | 0 ||| qw: Version: 0.1-a-103-gd6f5d3a
     0 | D:1      | 0 ||| qw: Game counter: 5496
     0 | D:1      | 0 ||| qw: Always use a shield: true
     0 | D:1      | 0 ||| qw: God list: Ru
     0 | D:1      | 0 ||| qw: Allow faded altars: false
     0 | D:1      | 0 ||| qw: Do Orc after D:15 true
     0 | D:1      | 0 ||| qw: Do second Lair branch before Depths: true
     0 | D:1      | 0 ||| qw: Lair rune preference: random
     0 | D:1      | 0 ||| qw: Plans: Normal
     0 | D:1      | 0 ||| PLANNING D:1-11
   305 | D:1      | Reached skill level 3 in Axes
   334 | D:1      | 334 ||| Stepping ~*~*~tactically~*~*~ (stealth).
   335 | D:1      | 335 ||| Stepping ~*~*~tactically~*~*~ (stealth).
   352 | D:1      | Reached XP level 2. HP: 25/26 MP: 1/1
   676 | D:1      | Reached skill level 4 in Axes
   787 | D:1      | You fall into a shaft and drop 1 floor!
   832 | D:2      | 832 ||| Stepping ~*~*~tactically~*~*~ (hiding).
   843 | D:2      | Reached XP level 3. HP: 31/31 MP: 2/2
   905 | D:2      | 905 ||| Stepping ~*~*~tactically~*~*~ (hiding).
  1036 | D:2      | Found a broken altar of Ashenzari.
  1075 | D:2      | 1075 ||| UPGRADING to +0 pair of boots.
  1080 | D:2      | 1080 ||| DROPPING ring of wizardry.
  1081 | D:2      | 1081 ||| UPGRADING to ring of see invisible.
  1082 | D:2      | 1082 ||| READING 2 scrolls labelled QIORIB BUYTTA.
  1083 | D:2      | 1083 ||| READING scroll of enchant armour.
  1083 | D:2      | 1083 ||| ENCHANTING +0 pair of boots.
  1084 | D:2      | 1084 ||| READING scroll labelled BAMIPE JU UFE.
  1085 | D:2      | 1085 ||| READING scroll labelled XOTIG UCUUGG.
  1128 | D:1      | 1128 ||| Stepping ~*~*~tactically~*~*~ (stealth).
  1130 | D:1      | 1130 ||| Stepping ~*~*~tactically~*~*~ (stealth).
  1620 | D:2      | 1620 ||| STAIRDANCE
  1795 | D:2      | Found a faded altar of an unknown god.
  2048 | D:2      | 2048 ||| UPGRADING to amulet of guardian spirit.
  2053 | D:2      | 2053 ||| READING scroll labelled POBUGO HYUPN.
  2056 | D:2      | 2056 ||| READING scroll labelled DYAQAT GYNI.
  2174 | D:3      | Reached skill level 5 in Axes
  2329 | D:3      | 2329 ||| DROPPING +1 hand axe of electrocution.
  2415 | D:3      | Noticed Jessica
  2417 | D:3      | 2417 ||| Stepping ~*~*~tactically~*~*~ (hiding).
  2419 | D:3      | Killed Jessica
  2420 | D:3      | Reached skill level 1 in Dodging
  2420 | D:3      | Reached XP level 4. HP: 39/39 MP: 3/3
  2956 | D:3      | 2956 ||| UPGRADING to +0 kite shield.
  2966 | D:3      | 2966 ||| DROPPING +0 buckler.
  2967 | D:3      | 2967 ||| READING scroll labelled PEXKUE ABLAHAUBB.
  2968 | D:3      | 2968 ||| READING scroll labelled UMOMNIG KIERA.
  2969 | D:3      | 2969 ||| READING scroll labelled ROPEOZO JIOC.
  2970 | D:3      | 2970 ||| READING scroll labelled GODOS AKUXTI.
  2971 | D:3      | 2971 ||| Stepping randomly (stuck).
  2972 | D:3      | 2972 ||| Stepping ~*~*~tactically~*~*~ (cloud).
  3076 | D:4      | 3076 ||| STAIRDANCE
  3136 | D:4      | Noticed a necrophage
  3145 | D:4      | Killed a necrophage
  3146 | D:4      | Reached XP level 5. HP: 44/45 MP: 4/4
  3170 | D:4      | Noticed a black bear
  3177 | D:4      | Killed a black bear
  3178 | D:4      | Reached skill level 6 in Axes
  3178 | D:4      | Reached XP level 6. HP: 51/51 MP: 5/5
  3315 | D:4      | 3315 ||| DROPPING +0 mace.
  3384 | D:4      | Found a basalt altar of Yredelemnul.
  3481 | D:4      | Reached skill level 7 in Axes
  3801 | D:4      | 3801 ||| UPGRADING to scarf of resistance.
  3806 | D:4      | 3806 ||| DROPPING amulet of faith.
  3807 | D:4      | 3807 ||| READING scroll labelled UNAEBLAEPP.
  3808 | D:4      | 3808 ||| DRINKING 2 fizzy coppery potions.
  3845 | D:5      | Entered Level 5 of the Dungeon
  3905 | D:5      | 3905 ||| Stepping ~*~*~tactically~*~*~ (stealth).
  4034 | D:5      | Reached XP level 7. HP: 60/60 MP: 6/6
  4058 | D:5      | 4058 ||| Stepping ~*~*~tactically~*~*~ (stealth).
  4065 | D:5      | Reached skill level 8 in Axes
  4069 | D:5      | 4069 ||| Stepping ~*~*~tactically~*~*~ (stealth).
  4075 | D:5      | Reached skill level 6 in Shields
  4202 | D:5      | Reached skill level 9 in Axes
  4220 | D:5      | 4220 ||| Stepping ~*~*~tactically~*~*~ (stealth).
  4221 | D:5      | 4221 ||| Stepping ~*~*~tactically~*~*~ (stealth).
  4302 | D:5      | 4302 ||| Stepping ~*~*~tactically~*~*~ (stealth).
  4306 | D:5      | 4306 ||| Stepping ~*~*~tactically~*~*~ (stealth).
  4314 | D:5      | Reached XP level 8. HP: 35/68 MP: 3/7
  4324 | D:5      | 4324 ||| Stepping ~*~*~tactically~*~*~ (stealth).
  4325 | D:5      | 4325 ||| Stepping ~*~*~tactically~*~*~ (stealth).
  4680 | D:5      | 4680 ||| UPGRADING to +0 plate armour.
  4690 | D:5      | 4690 ||| DROPPING +0 scale mail.
  4691 | D:5      | 4691 ||| READING scroll labelled YDIETR NETRIRA.
  4792 | D:5      | 4792 ||| DRINKING 3 dark potions.
  4897 | D:5      | 4897 ||| DROPPING 2 potions of berserk rage.
  4983 | D:5      | Found Moituk's Antique Armour Emporium.
  5167 | D:5      | Found a staircase to the Ecumenical Temple.
  5168 | D:5      | 5168 ||| PLANNING TEMPLE
  5176 | Temple   | Entered the Ecumenical Temple
  5184 | Temple   | Became a worshipper of Ru the Awakened
  5187 | Temple   | 5187 ||| PLANNING D:1-11
  5266 | D:5      | 5266 ||| FLEEEEING.
  5277 | D:5      | Reached skill level 10 in Axes
  5643 | D:5      | Reached skill level 6 in Fighting
  5875 | D:5      | 5875 ||| READING scroll labelled ILUEPR TAEL JIU.
  5876 | D:5      | 5876 ||| DRINKING 2 fizzy cyan potions.
  5877 | D:5      | 5877 ||| READING 3 scrolls of identify.
  5877 | D:5      | 5877 ||| IDENTIFYING bubbling blue potion
  5878 | D:5      | 5878 ||| READING 2 scrolls of identify.
  5878 | D:5      | 5878 ||| IDENTIFYING bubbling red potion
  5879 | D:5      | 5879 ||| DROPPING potion of degeneration.
  5962 | D:6      | 5962 ||| READING scroll of enchant armour.
  5962 | D:6      | 5962 ||| ENCHANTING +1 pair of boots.
  5969 | D:6      | 5969 ||| DROPPING +4 hand axe of venom.
  6213 | D:6      | Reached skill level 11 in Axes
  6359 | D:6      | 6359 ||| Stepping ~*~*~tactically~*~*~ (stealth).
  6361 | D:6      | 6361 ||| Stepping ~*~*~tactically~*~*~ (stealth).
  6372 | D:6      | 6372 ||| DROPPING +0 whip of flaming.
  6379 | D:6      | 6379 ||| READING scroll of enchant armour.
  6379 | D:6      | 6379 ||| ENCHANTING +0 plate armour.
  6790 | D:6      | 6790 ||| INVOKING Sacrifice Skill.
  6790 | D:6      | Gained mutation: You are somewhat unskilled. (-1 Apt) [Ru
                  | sacrifice]
  6790 | D:6      | Reduced skill Axes to level 10
  6790 | D:6      | Reduced skill Shields to level 6
  6790 | D:6      | Reached * piety under Ru
  6791 | D:6      | 6791 ||| UPGRADING to +1 pair of gloves.
  6796 | D:6      | 6796 ||| READING 2 scrolls of identify.
  6796 | D:6      | 6796 ||| IDENTIFYING clear potion
  6797 | D:6      | 6797 ||| DROPPING potion of lignification.
  6816 | D:7      | Noticed Pikel
  6819 | D:7      | 6819 ||| STAIRDANCE
  6831 | D:7      | 6831 ||| STAIRDANCE
  6880 | D:7      | 6880 ||| STAIRDANCE
  6884 | D:7      | 6884 ||| STAIRDANCE
  6894 | D:6      | Killed Pikel
  6895 | D:6      | Reached XP level 9. HP: 66/74 MP: 6/8
  6958 | D:7      | 6958 ||| Stepping ~*~*~tactically~*~*~ (stealth).
  6958 | D:7      | Found a flagged portal.
  6978 | D:7      | 6978 ||| Stepping ~*~*~tactically~*~*~ (hiding).
  7007 | D:7      | Reached skill level 1 in Throwing
  7055 | D:7      | 7055 ||| FLEEEEING.
  7122 | D:7      | Reached skill level 11 in Axes
  7244 | D:7      | Noticed Joseph
  7253 | D:7      | Killed Joseph
  7254 | D:7      | Reached skill level 6 in Fighting
  7456 | D:7      | 7456 ||| Stepping ~*~*~tactically~*~*~ (hiding).
  7475 | D:7      | Found a radiant altar of Vehumet.
  8010 | D:7      | 8010 ||| UPGRADING to ring of positive energy.
  8011 | D:7      | 8011 ||| READING 2 scrolls labelled ORPHOO CUNO.
  8012 | D:7      | 8012 ||| DROPPING scroll of fear.
  8063 | D:8      | HP: 17/78 [killer bee (4)]
  8064 | D:8      | Reached XP level 10. HP: 18/84 MP: 3/9
  8064 | D:8      | 8064 ||| READING 3 scrolls of teleportation.
  8065 | D:8      | 8065 ||| DRINKING potion of heal wounds.
  8279 | D:8      | Found an iron altar of Okawaru.
  8309 | D:8      | Found an opulent altar of Gozag.
  8337 | D:8      | HP: 19/84 [killer bee (4)]
  8338 | D:8      | 8338 ||| READING 2 scrolls of teleportation.
  8338 | D:8      | HP: 6/84 [killer bee (5)]
  8339 | D:8      | HP: 2/84 [killer bee (1)]
  8340 | D:8      | Succumbed to a killer bee's poison

Levels and vault maps discovered:
D:1:      pf_arrival_petrified_forest, layout_basic, serial_bayou_pond_d
D:2:      layout_loops_ring, hellmonk_ecumenical_altar_run_dry, basic_altar,
          minmay_tall_x
D:3:      layout_loops_ring, serial_rivers, chequers_serial_rivers_micro_a,
          chequers_serial_rivers_micro_c, chequers_serial_rivers_small_3,
          chequers_serial_rivers_micro_b, chequers_serial_rivers_micro_e,
          uniq_jessica
D:4:      layout_basic, yredelemnul_forgotten_temple_becter,
          minmay_goblin_kobold_house
D:5:      minmay_polygon_palace, layout_basic, minmay_temple_entry_water_ring,
          serial_shops, nicolae_stop_n_shop_1, grunt_decor_mini_mirrors
D:6:      layout_basic, chequers_serial_rivers_micro_a
D:7:      layout_loops_ring, mainiacjoe_overflow_24_doors, enter_bailey_2,
          serial_rivers, chequers_serial_rivers_large_a,
          chequers_serial_rivers_large_b, chequers_serial_rivers_micro_c,
          chequers_serial_rivers_micro_b, chequers_serial_rivers_micro_b,
          uniq_joseph, uniq_pikel
D:8:      layout_basic, mainiacjoe_overflow_two_lobes, grunt_ministairs_15,
          minmay_misc_feat_pillars
Temple:   compressed_dpeg_triangle_lava_temple

Skill      XL: |  1  2  3  4  5  6  7  8  9 |
---------------+----------------------------+-----
Axes           | 3 4 5 6 7 9 10 11 | 11.7
Dodging        | 1 2 |  2.4
Shields        | 4 5 6 7 8 |  8.1
Fighting       | 4 5 5 6 |  6.8
Armour         | 4 5 |  5.0
Throwing       | 1 |  1.1

Action                   |  1- 3 |  4- 6 |  7- 9 | 10-12 || total
-------------------------+-------+-------+-------+-------++-------
Melee: War axe           |    74 |    52 |   253 |    18 ||   397
       Headbutt          |     4 |    12 |    50 |     2 ||    68
Throw: Boomerang         |    58 |    33 |     9 |     2 ||   102
Invok: Sacrifice Skill   |       |       |     1 |       ||     1
  Use: Scroll            |     6 |     5 |     8 |     2 ||    21
       Potion            |       |     1 |     2 |     1 ||     4
 Stab: Distracted        |       |       |     1 |       ||     1
Armor: Scale mail        |    39 |    21 |    28 |       ||    88
       Plate armour      |       |       |   111 |    35 ||   146
Dodge: Dodged            |    31 |    20 |    60 |    13 ||   124
Block: Buckler           |    12 |       |       |       ||    12
       Kite shield       |       |    23 |   121 |    21 ||   165

Table legend:
 A = Non-vault XP
 B = Vault XP
 C = Vault XP percentage of total XP
 D = Non-vault monster count
 E = Vault monster count
 F = Vault count percentage of total count
                 A         B        C        D         E       F
            +---------+---------+-------+---------+---------+-------
      Total |    3530 |    2299 |  39.4 |     113 |      31 |  21.5
            +---------+---------+-------+---------+---------+-------
        D:1 |      42 |       0 |   0.0 |      26 |       0 |   0.0
        D:2 |      24 |       9 |  27.3 |      12 |       4 |  25.0
        D:3 |      19 |      37 |  66.1 |      12 |       1 |   7.7
        D:4 |     403 |       9 |   2.2 |      12 |       5 |  29.4
        D:5 |     833 |     840 |  50.2 |      13 |      14 |  51.9
        D:6 |     471 |     500 |  51.5 |      15 |       1 |   6.2
        D:7 |    1263 |     455 |  26.5 |      17 |       1 |   5.6
        D:8 |     475 |     449 |  48.6 |       6 |       5 |  45.5
            +---------+---------+-------+---------+---------+-------
